 Dungeon Crawl Stone Soup version 0.17-a0-1862-g4ec9cdc (webtiles) character file.

60 Espgualade the Skirmisher (level 4, 0/28 HPs)
             Began as a Tengu Ice Elementalist on Sept 20, 2015.
             Succumbed to an adder's poison
             ... on level 2 of the Dungeon.
             The game lasted 00:02:46 (1953 turns).

Espgualade the Skirmisher (Tengu Ice Elementalist)  Turns: 1953, Time: 00:02:46

Health: 0/28       AC:  2    Str:  9    XL:     4   Next: 6%
Magic:  2/8        EV: 12    Int: 16    God:
Gold:   38         SH:  0    Dex: 14    Spells: 3 memorised, 1 level left

rFire  . . .     SeeInvis .     e - +0 short sword
rCold  + . .     Clarity  .     a - +0 robe
rNeg   . . .     SustAt   .     (no shield)
rPois  .         Gourm    .     (helmet restricted)
rElec  .         Spirit   .     (no cloak)
rCorr  .         Warding  .     (no gloves)
rMut   .         Stasis   .     (boots unavailable)
MR     .....                    (no amulet)
Stlth  ++........               (no ring)
                                h - ring of protection from cold

@: lethally poisoned (0 -> -14), very slightly contaminated, not resistant to
hostile enchantments, unstealthy
A: beak, talons 3
a: no special abilities


You were on level 2 of the Dungeon.
You were not hungry.

You visited 1 branch of the dungeon, and saw 2 of its levels.

You collected 38 gold pieces.

Inventory:

Hand weapons
 e - a +0 short sword (weapon)
Armour
 a - a +0 robe (worn)
Jewellery
 h - a ring of protection from cold (left hand)
Magical devices
 j - a wand of magic darts (19)
Scrolls
 d - 3 scrolls of magic mapping
 g - 2 scrolls of blinking {unknown}
 i - a scroll of enchant weapon {unknown}
Books
 b - a book of Frost

   Spells                             Type                      Level
   a - Freeze                         Ice                          1
   b - Throw Frost                    Conjuration/Ice              2
   c - Ozocubu's Armour               Charms/Ice                   3
   d - Throw Icicle                   Conjuration/Ice              4
   e - Summon Ice Beast               Ice/Summoning                4
   f - Condensation Shield            Ice                          4
Comestibles
 c - 3 bread rations
 f - a slice of pizza


   Skills:
 + Level 3.5 Fighting
 - Level 2.1 Dodging
 - Level 2.0 Stealth
 - Level 2.0 Spellcasting
 - Level 1.3 Conjurations
 - Level 2.6 Ice Magic


You had one spell level left.
You knew the following spells:

 Your Spells              Type           Power        Failure   Level  Hunger
a - Freeze                Ice            ##..         10%         1    #......
b - Throw Frost           Conj/Ice       #.....       14%         2    ###....
c - Ozocubu's Armour      Chrm/Ice       #.......     38%         3    ###....


Dungeon Overview and Level Annotations

Branches:
Dungeon (2/15)

Altars:


Innate Abilities, Weirdness & Mutations

You have a beak for a mouth.
You have claws for feet.


Message History

You freeze the adder.
You kill the adder!
You have reached level 4!
You feel stronger.
* * * LOW HITPOINT WARNING * * *
You feel sick.
You aren't carrying any potions.
You aren't carrying any potions.
Read which item? (? for menu, Esc to quit)
As you read the scroll labeled KAH BA MUROEDGH, it crumbles to dust.
You feel aware of your surroundings.
It was a scroll of magic mapping.
* * * LOW HITPOINT WARNING * * *
You feel sick.
* * * LOW HITPOINT WARNING * * *
You feel sick.
* * * LOW HITPOINT WARNING * * *
You feel sick.
* * * LOW HITPOINT WARNING * * *
You feel sick.
You die...

..#* *.........,,,,,*
#..#* *...........,***
*#..######.........#,#
*#................#.#
#................#.#
#................$.#
*#................#*
#................#
###............@.#,*
#........#......##,*
##.###.##.########*,*
...###....#***** *,*
###รท......#,,,,* *,*
**#.#)...##,,,,* *,*
.##....###*,,,,* *,*
....##.###*,,,,****,*
#........####>..,,*,*


There were no monsters in sight!

Vanquished Creatures
  2 adders (D:2)
  An ooze (D:1)
  A worm (D:2)
  4 giant geckos
  6 bats (D:1)
  5 hobgoblins
  A giant newt (D:2)
  4 goblins (D:1)
  6 kobolds
  8 rats
38 creatures vanquished.

Notes
Turn   | Place    | Note
--------------------------------------------------------------
     0 | D:1      | Espgualade the Tengu Ice Elementalist began the quest for the Orb.
     0 | D:1      | Reached XP level 1. HP: 10/10 MP: 4/4
    89 | D:1      | Reached skill level 1 in Fighting
   328 | D:1      | Reached XP level 2. HP: 14/16 MP: 1/6
  1284 | D:1      | Reached XP level 3. HP: 22/22 MP: 5/7
  1549 | D:1      | Learned a level 2 spell: Throw Frost
  1553 | D:1      | Learned a level 3 spell: Ozocubu's Armour
  1580 | D:2      | Reached skill level 3 in Fighting
  1948 | D:2      | Reached XP level 4. HP: 7/28 MP: 1/8
  1952 | D:2      | HP: 1/28 [poisoned by an adder]
  1953 | D:2      | Succumbed to an adder's poison

Vault maps used:
D:1:      lightli_arrival_flooded_house

Action                   |  1- 3 |  4- 6 || total
-------------------------+-------+-------++-------
Melee: Unarmed           |     5 |       ||     5
       Short sword       |    49 |       ||    49
 Cast: Freeze            |    29 |     1 ||    30
       Ozocubu's Armour  |     1 |       ||     1
  Use: Scroll            |       |     1 ||     1
 Stab: Sleeping          |     4 |       ||     4
  Eat: Chunk             |     4 |       ||     4
